 Dungeon Crawl Stone Soup version 0.27-a0-1149-g4505690ab0 (webtiles) character file.

Game seed: 7092231906380763667

1185 Cheivey the Skirmisher (level 8, -7/71 HPs)
             Began as a Yellow Draconian Berserker on May 12, 2021.
             Was a Priest of Trog.
             Succumbed to an orc wizard's poison
             ... on level 5 of the Dungeon.
             The game lasted 00:07:25 (4825 turns).

Cheivey the Skirmisher (Yellow Draconian Berserker) Turns: 4825, Time: 00:07:25

Health: -7/71      AC:  6    Str: 21    XL:     8   Next: 19%
Magic:  8/8        EV: 13    Int:  8    God:    Trog [***...]
Gold:   144        SH:  0    Dex: 11    Spells: 7/7 levels left

rFire    + . .     SeeInvis .   g - +0 halberd
rCold    + . .     Faith    +   (shield currently unavailable)
rNeg     . . .     Spirit   .   (armour unavailable)
rPois    +         Reflect  .   (helmet restricted)
rElec    +         Harm     .   f - scarf {repulsion}
rCorr    +         Rampage  .   (no gloves)
Will     .....                  (no boots)
Stlth    ++........             m - amulet of faith
HPRegen  0.21/turn              (no ring)
MPRegen  0.11/turn              (no ring)

@: lethally poisoned (-7 -> -38), resistant, on berserk cooldown, slowed, repel
missiles, very slow
A: spit acid, AC +6, unfitting armour, cold-blooded, acid resistance, mutation
resistance 1
a: Breathe Acid, Renounce Religion, Berserk, Trog's Hand


You were on level 5 of the Dungeon.
You worshipped Trog.
Trog was most pleased with you.
You visited 1 branch of the dungeon, and saw 5 of its levels.

You collected 193 gold pieces.
You spent 49 gold pieces at shops.

Inventory:

Hand Weapons
 a - a +1 spear of flaming
 g - a +0 halberd (weapon)
Missiles
 c - 8 atropa-tipped darts
 i - 4 curare-tipped darts
Armour
 f - a scarf of repulsion (worn)
Jewellery
 m - an amulet of faith (around neck)
Scrolls
 b - 2 scrolls of magic mapping {unknown}
 d - a scroll of teleportation
 j - 2 scrolls of fear
Potions
 e - 2 potions of mutation
 h - 3 potions of flight


   Skills:
 + Level 6.7 Fighting
 + Level 6.2 Polearms
 + Level 5.6 Dodging
 + Level 2.3 Stealth


You had 7 spell levels left.
You didn't know any spells.
Your spell library was empty.

Dungeon Overview and Level Annotations

Branches:
Dungeon (5/15)
 Temple: D:4-7

Altars:
Uskayaw

Shops:
D:4 *


Innate Abilities, Weirdness & Mutations

You can spit globs of acid.
Your golden yellow scales are hard. (AC +6)
You cannot fit into any form of body armour.
You are cold-blooded and may be slowed by cold attacks.
You are resistant to acid. (rCorr)
You are somewhat resistant to further mutation.


Message History

You are exhausted.
You feel yourself slow down.
You barely miss something. Something hits you but does no damage.
You are poisoned.
Something hits you but does no damage.
You are more poisoned.
No target in view!
You closely miss something.
You feel very sick. Something hits you.
You are more poisoned.
Something barely misses you.
You closely miss something.
You feel extremely sick.
Something hits you but does no damage. x2
You are more poisoned.
Unknown command.
You miss something.
You feel extremely sick. Something hits you.
You are more poisoned.
You miss something.
Your tail-slap misses something.
* * * LOW HITPOINT WARNING * * *
You feel extremely sick. Something hits you.
* * * LOW HITPOINT WARNING * * *
You are lethally poisoned!
Something hits you but does no damage.
You are more poisoned.
You miss something. You tail-slap something.
* * * LOW HITPOINT WARNING * * *
You feel extremely sick.
You hear some strange, mumbled words.
A puff of flame appears from out of thin air!
The puff of flame is repelled.
Something hits you.
* * * LOW HITPOINT WARNING * * *
You are more poisoned.
It was a potion of resistance.
You feel protected.
You die...

. ... .
.....#### o.
.......@#####
..5
.....###{...#
.... ...
#....# .o.# .
#....##?o..#
#....''....+
#....##....#
#....# .....
####.# ....
#.# ...


There were no monsters in sight!

Vanquished Creatures
  Pikel (D:5)
  A black bear (D:4)
  A lemure (D:5)
  2 phantoms (D:4)
  A kobold brigand (D:3)
  A scorpion (D:4)
  A water moccasin skeleton (D:4)
  An iguana (D:4)
  2 orc wizards
  A hound skeleton (D:4)
  6 adders
  4 gnolls (D:3)
  An ufetubus (D:4)
  2 adder skeletons (D:4)
  2 worms (D:4)
  2 dart slugs
  5 orcs
  2 ball pythons
  7 endoplasms
  4 giant cockroaches
  9 goblins
  11 hobgoblins
  6 jackals (D:1)
  6 quokkas
  13 bats
  2 frilled lizards (D:1)
  19 kobolds
  9 rats
122 creatures vanquished.

Notes
Turn   | Place    | Note
-------+----------+-------------------------------------------
     0 | D:1      | Cheivey the Draconian Berserker began the quest for the
                  | Orb.
     0 | D:1      | Reached XP level 1. HP: 19/19 MP: 1/1
   161 | D:1      | Reached XP level 2. HP: 26/26 MP: 2/2
   803 | D:1      | Reached XP level 3. HP: 33/33 MP: 3/3
   813 | D:1      | Found a faded altar of an unknown god.
  1057 | D:2      | Reached ** piety under Trog
  1375 | D:2      | Reached XP level 4. HP: 27/40 MP: 4/4
  1400 | D:2      | Gained mutation: You are somewhat resistant to further
                  | mutation. [potion of mutation]
  2526 | D:3      | Found a hide-covered altar of Uskayaw.
  2561 | D:3      | Reached XP level 5. HP: 25/47 MP: 5/5
  2734 | D:3      | Reached *** piety under Trog
  3339 | D:4      | Reached skill level 5 in Fighting
  3339 | D:4      | Reached XP level 6. HP: 56/56 MP: 6/6
  3459 | D:4      | Reached skill level 5 in Polearms
  3512 | D:4      | Your scales start taking on a golden yellow colour.
  3512 | D:4      | Reached XP level 7. HP: 23/62 MP: 7/7
  3512 | D:4      | Gained mutation: You are resistant to acid. (rCorr) [Yellow
                  | Draconian growth]
  4095 | D:4      | Reached skill level 5 in Dodging
  4361 | D:4      | Found Erekau Roso's General Store.
  4370 | D:4      | Bought a +0 tower shield for 49 gold pieces
  4724 | D:5      | Entered Level 5 of the Dungeon
  4788 | D:5      | Noticed Pikel
  4814 | D:5      | Killed Pikel
  4815 | D:5      | Reached XP level 8. HP: 71/71 MP: 8/8
  4824 | D:5      | HP: 3/71 [something (3)]
  4825 | D:5      | Succumbed to an orc wizard's poison

Illustrated notes

Levels and vault maps discovered:
D:1:      minmay_arrival_four_circles, layout_basic,
          chequers_ecumenical_altar_island
D:2:      kennysheep_six_static_rooms, layout_basic
D:3:      cheibrodos_thug_alley, layout_rooms, eat_drink_and_be_merry_uskayaw
D:4:      layout_loops_ring, serial_shops, kennysheep_little_box,
          minmay_misc_feat_columns, chequers_jeans, st_stairs_6,
          kennysheep_generic_room_7
D:5:      layout_basic, kennysheep_mini_moat, serial_shops, shop_statue,
          uniq_pikel

Skill      XL: |  1  2  3  4  5  6  7 |
---------------+----------------------+-----
Dodging        | 3 4 5 |  5.6
Fighting       | 4 5 6 |  6.7
Polearms       | 4 5 6 |  6.2
Stealth        | 2 |  2.3

Action                   |  1- 3 |  4- 6 |  7- 9 || total
-------------------------+-------+-------+-------++-------
Melee: Spear             |   140 |    69 |       ||   209
       Tailslap          |    10 |    15 |    10 ||    35
       Halberd           |       |    92 |    87 ||   179
Invok: Berserk           |     1 |     4 |     1 ||     6
       Trog's Hand       |       |       |     1 ||     1
 Abil: Breathe Acid      |       |       |     2 ||     2
  Use: Scroll            |     2 |     6 |       ||     8
       Potion            |       |     8 |     2 ||    10
 Stab: Sleeping          |       |       |     1 ||     1
Armor: Skin              |    34 |    42 |    24 ||   100
Dodge: Dodged            |    95 |    93 |    45 ||   233
       Repelled          |       |       |     1 ||     1

Table legend: (Time is in decaauts)
 A = Elapsed time spent in this place.
 B = Non-inter-level travel time spent in this place.
 C = Inter-level travel time spent in this place.
 D = Time resting spent in this place.
 E = Time spent auto-exploring this place.
 F = Levels seen in this place.
 G = Mean time per level.
                   A        B        C        D        E       F      G
               +--------+--------+--------+--------+--------+-----+--------+
         Total |   4916 |   4818 |     98 |   1070 |   2872 |   5 |  983.2 |
       Dungeon |   4916 |   4818 |     98 |   1070 |   2872 |   5 |  983.2 |
               +--------+--------+--------+--------+--------+-----+--------+

Top non-repeatable levels by time:
     D:4: 1443 daAuts
     D:2: 1194 daAuts
     D:3: 1141 daAuts
     D:1: 1036 daAuts
     D:5: 102 daAuts
